 Dungeon Crawl Stone Soup version 0.32-a0-893-gf85d74f360 (webtiles) character file.

Game seed: 3262747055286312969

20868 bronco the Spear-Bearer (level 12, -12/97 HPs)
             Began as a Coglin Fire Elementalist on Apr 3, 2024.
             Was an Elder of Okawaru.
             Mangled by a culicivora (17 damage)
             ... on level 2 of the Lair of Beasts.
             The game lasted 00:36:26 (14088 turns).

bronco the Spear-Bearer (Coglin Fire Elementalist) Turns: 14088, Time: 00:36:27

Health: -12/97     AC: 29    Str: 10    XL:     12   Next: 84%
Magic:  13/15      EV:  4    Int: 17    God:    Okawaru [****..]
Gold:   451        SH:  0    Dex: 16    Spells: 14/15 levels left

rFire   + . .        m - +6 trident "Tof Vobo" {pain, Fly}
rCold   + + .        j - +0 whip (venom) {Nittaya}
rNeg    + . .        G - +8 plate armour of Salaf {rC+ rN+ SInv}
rPois   +            (no helmet)
rElec   +            t - +0 cloak {Will+}
rCorr   +            H - +0 pair of gloves
SInv    +            D - +0 pair of boots {rampage}
Will    +....        (amulet unavailable) Stlth
                     (ring unavailable)
HPRegen 0.36/turn    (ring unavailable)
MPRegen 0.14/turn    (no gizmo)

%: rampage
@: resistant, heroic, flying, revved
A: off-hand wielding, slow wielding, warmup strikes, no jewellery
a: Invent Gizmo, Renounce Religion, Heroism, Finesse


You were on level 2 of the Lair of Beasts.
You worshipped Okawaru.
Okawaru was greatly pleased with you.
You visited 3 branches of the dungeon, and saw 13 of its levels.

You collected 885 gold pieces.
You spent 434 gold pieces at shops.

Inventory:

Hand Weapons
 e - the +4 shortbow "Laozxiutt" {heavy, rC+ Str+7 Dex-2}
   (You found it on level 7 of the Dungeon)

   Str+7:     It affects your strength (+7).
   Dex-2:     It affects your dexterity (-2).
   rC+:       It protects you from cold.
 j - a +0 whip of venom (offhand) {Nittaya}
 m - the +6 trident "Tof Vobo" (weapon) {pain, Fly}
   (You found it on level 3 of the Dungeon)

   Fly:       It grants you flight.
Missiles
 c - 28 stones (quivered)
 l - 37 poisoned darts
 n - 2 javelins
 y - 5 silver javelins
 E - a curare-tipped dart
 L - 5 atropa-tipped darts
Armour
 a - a +0 robe
 g - +0 ice dragon scales
 o - the +9 scales of the Dragon King {rPois rF+ rC+ Will+}
   (You found it on level 3 of the Dungeon)

   rF+:       It protects you from fire.
   rC+:       It protects you from cold.
   rPois:     It protects you from poison.
   Will+:     It increases your willpower.
 t - a +0 cloak of willpower (worn)
 D - a +0 pair of boots of rampaging (worn)
 G - the +8 plate armour of Salaf (worn) {rC+ rN+ SInv}
   (You found it on level 9 of the Dungeon)

   rC+:       It protects you from cold.
   rN+:       It protects you from negative energy.
   SInv:      It lets you see invisible.
 H - a +0 pair of gloves (worn)
Wands
 f - a wand of warping (14)
 q - a wand of flame (29)
 w - a wand of charming (14)
 z - a wand of acid (4)
Scrolls
 d - 2 scrolls of poison
 i - a scroll of noise
 B - 6 scrolls of identify
 C - 2 scrolls of teleportation
 F - a scroll of amnesia
 I - a scroll of fear
 J - a scroll of revelation
 K - a scroll of blinking
Potions
 b - 2 potions of magic
 h - 4 potions of mutation
 k - 3 potions of curing
 p - a potion of brilliance
 r - a potion of attraction {unknown}
 s - 2 potions of might
 u - 3 potions of invisibility
 v - 3 potions of enlightenment
 x - a potion of lignification {unknown}
 A - a potion of resistance


   Skills:
 + Level 9.7(14.7) Fighting
 + Level 0.6(5.6) Short Blades
 + Level 6.8(11.8) Maces & Flails
 + Level 11.2(16.2) Polearms
 + Level 4.7(9.7) Throwing
 + Level 9.2(14.2) Armour
 + Level 2.2(7.2) Dodging
 + Level 2.0(7.0) Stealth
 + Level 2.4 Spellcasting
 + Level 1.4 Conjurations
 + Level 3.4 Fire Magic
 + Level 1.1 Evocations


You had 14 spell levels left.
You knew the following spells:

 Your Spells              Type           Power      Damage    Failure   Level
a - Foxfire               Conj/Fire      40%        2x1d6     99%         1

Your spell library contained the following spells:

 Spells                   Type           Power      Damage    Failure   Level
 Scorch                   Fire           26%        2d6       99%         2
 Sandblast                Erth           4%         2d4       100%        1
 Cigotuvi's Dreadful Rot  Necr/Alch/Air  4%         N/A       100%        2
 Mercury Vapours          Alch/Air       4%         N/A       100%        2
 Sublimation of Blood     Necr           2%         N/A       100%        2
 Fugue of the Fallen      Necr           2%         N/A       100%        3
 Inner Flame              Hex/Fire       7%         N/A       100%        3
 Mephitic Cloud           Conj/Alch/Air  3%         N/A       100%        3
 Ozocubu's Armour         Ice            2%         N/A       100%        3
 Passwall                 Erth           2%         N/A       100%        3
 Stone Arrow              Conj/Erth      8%         3d7       100%        3
 Teleport Other           Tloc           2%         N/A       100%        3
 Volatile Blastmotes      Fire/Tloc      14%        2d11      100%        3
 Brom's Barrelling Bould  Conj/Erth      4%         2d3       100%        4
 Dispel Undead            Necr           2%         3d7       100%        4
 Flame Wave               Conj/Fire      10%        2d6       100%        4
 Ignite Poison            Fire/Alch      7%         N/A       100%        4
 Passage of Golubria      Tloc           2%         N/A       100%        4
 Sticky Flame             Fire/Alch      7%         2d4       100%        4
 Vhi's Electric Charge    Tloc/Air       4%         N/A       100%        4
 Freezing Cloud           Conj/Ice/Air   1%         6-21      100%        5
 Silence                  Hex/Air        1%         N/A       100%        5
 Bombard                  Conj/Erth      2%         9d1       100%        6
 Dispersal                Tloc           1%         N/A       100%        6
 Gell's Gavotte           Tloc           1%         2d(11-17) 100%        6
 Manifold Assault         Tloc           1%         N/A       100%        7
 Ignition                 Fire           6%         3d4       100%        8
 Lehudib's Crystal Spear  Conj/Erth      2%         10d2      100%        8
 Call Imp                 Summ           Unusable   N/A       N/A         2
 Animate Armour           Summ/Erth      Unusable   N/A       N/A         4
 Martyr's Knell           Necr/Summ      Unusable   N/A       N/A         4
 Malign Gateway           Summ/Tloc      Unusable   N/A       N/A         7
 Summon Hydra             Summ           Unusable   N/A       N/A         7
 Summon Horrible Things   Summ           Unusable   N/A       N/A         8

Dungeon Overview and Level Annotations

Branches:
Dungeon (10/15)            Temple (1/1) D:5            Lair (2/5) D:9
 Shoals (0/4) Lair:2       Spider (0/4) Lair:2          Orc (0/2) D:10

Altars:
Ashenzari
Cheibriados
Dithmenos
Elyvilon
Gozag
Hepliaklqana
Kikubaaqudgha
Makhleb
Nemelex Xobeh
Okawaru
Qazlal
Ru
Sif Muna
Trog
Uskayaw
Vehumet
Wu Jian
Xom
Yredelemnul
Zin
The Shining One
Beogh

Shops:
D:9 !??[*


Innate Abilities, Weirdness & Mutations

You can wield a second weapon in your off-hand.
It takes a long time for you to wield or remove held weapons.
Your first few attacks do less damage.
You cannot equip rings or amulets.


Message History

The culicivora is heavily wounded.
You miss the culicivora with the +6 trident "Tof Vobo".
The culicivora bites you!
You barely miss the culicivora with your +0 whip of venom.
The culicivora is severely wounded.
You closely miss the culicivora with the +6 trident "Tof Vobo".
The culicivora bites you!
You hit the culicivora with your +0 whip of venom.
The culicivora looks as sick as possible!
The culicivora is almost dead.
You hit the culicivora with the +6 trident "Tof Vobo".
You kill the culicivora!
Okawaru accepts your kill.
You miss the culicivora with the +6 trident "Tof Vobo".
You hit the culicivora with your +0 whip of venom.
The culicivora bites you but does no damage.
It was a potion of resistance.
You feel protected.
The culicivora bites you but does no damage.
The culicivora bites you!
* * * LOW HITPOINT WARNING * * *
The culicivora draws strength from your injuries!
You feel better.
The culicivora bites you but does no damage.
You gain the combat prowess of a mighty hero.
The culicivora bites you but does no damage.
The culicivora bites you!
* * * LOW HITPOINT WARNING * * *
The culicivora draws strength from your injuries!
You hit the culicivora with the +6 trident "Tof Vobo".
The culicivora is lightly wounded.
You hit the culicivora but do no damage.
The culicivora is poisoned.
The culicivora bites you!
* * * LOW HITPOINT WARNING * * *
You hit the culicivora with your +0 whip of venom.
The culicivora looks as sick as possible!
The culicivora is moderately wounded.
You miss the culicivora with the +6 trident "Tof Vobo".
The culicivora bites you!
You die...

..#.##P#####.P#.########.P#.#####
)................................
..........####...####.#..........
.........##.#.....#*###...####.##
.........###.#...#^#,*#..## ####
####.#.####.###.###^#*#...# # .#
##### ##.#.#.#,###P..## # ##
#†###.##*^*##..## ## # ###
##@#^**#....# #. #####
#^###s##*,*#...P# ### P####
*#.#.†.#,**#....#####.. .####
*#..>.s**##........... #####
##..s####^.....#P.### ###### ###
#######........##**
.P##.###P####.......###....#
...†................# ##P..#
####.##....P.....##.## ##..#


You could see a culicivora (extremely poisoned).

Vanquished Creatures
  A boulder beetle (Lair:2)
  A two-headed ogre (D:9)
  Maurice (D:9)
  A manticore (D:7)
  2 rust devils
  3 orange demons (D:10)
  3 cane toads
  Jeremiah (D:9)
  2 komodo dragons
  2 rime drakes (Lair:1)
  A red devil (D:10)
  An ice devil (D:10)
  A hellwing (D:10)
  A hornet (D:9)
  A polar bear (Lair:2)
  4 blink frogs (Lair:1)
  Grinder (D:6)
  A snapping turtle (Lair:2)
  2 culicivoras (Lair:2)
  A water elemental (Lair:2)
  5 wyverns
  21 yaks
  A basilisk (Lair:2)
  4 redbacks (Lair:2)
  Menkaure (D:6)
  3 steam dragons
  A chaos spawn (D:10)
  8 water moccasins
  A sky beast (D:7)
  4 black bears
  2 orc warriors
  3 ice beasts
  4 ogres
  22 wolves
  3 centaurs
  2 phantoms
  4 kobold brigands
  13 bullfrogs
  A gnoll sergeant (D:4)
  A scorpion (Lair:1)
  14 killer bees
  An electric eel (Lair:2)
  3 howler monkeys
  A lava snake (D:8)
  3 bombardier beetles
  9 orc priests
  3 hounds
  Crazy Yiuf (D:6)
  2 gnoll boudas
  Jessica (D:3)
  A sleepcap (D:4)
  5 iguanas
  7 orc wizards
  23 gnolls
  9 adders
  2 ribbon worms (D:2)
  A dart slug (D:2)
  29 orcs
  5 endoplasms
  4 goblins
  7 hobgoblins
  6 jackals
  2 quokkas
  4 ball pythons
  2 bats
  A frilled lizard (D:1)
  24 kobolds
305 creatures vanquished.

Vanquished Creatures (others)
  59 foxfires
59 creatures vanquished.

Grand Total: 364 creatures vanquished

Notes
Turn   | Place    | Note
-------+----------+-------------------------------------------
     0 | D:1      | bronco the Coglin Fire Elementalist began the quest for the
                  | Orb.
     0 | D:1      | Reached XP level 1. HP: 13/13 MP: 3/3
   295 | D:1      | Reached XP level 2. HP: 19/19 MP: 0/4
   782 | D:2      | Reached skill level 1 in Conjurations
   934 | D:2      | Reached XP level 3. HP: 17/24 MP: 0/6
  1032 | D:2      | Reached skill level 1 in Fighting
  1129 | D:2      | Reached skill level 1 in Maces & Flails
  1579 | D:3      | Identified the +6 trident "Tof Vobo" {pain, Fly}
  1636 | D:3      | Reached XP level 4. HP: 18/32 MP: 4/7
  1775 | D:3      | Noticed Jessica
  1778 | D:3      | Killed Jessica
  1873 | D:3      | Found the +9 scales of the Dragon King {rPois rF+ rC+
                  | Will+}
  2117 | D:3      | Reached XP level 5. HP: 37/37 MP: 8/8
  2346 | D:4      | Found a sparkling altar of Nemelex Xobeh.
  2359 | D:4      | Reached skill level 1 in Polearms
  2545 | D:4      | Reached XP level 6. HP: 44/44 MP: 9/9
  2589 | D:4      | Reached skill level 2 in Polearms
  2642 | D:4      | Noticed a black bear
  2649 | D:4      | Killed a black bear
  2757 | D:4      | Reached skill level 3 in Polearms
  3021 | D:5      | Entered Level 5 of the Dungeon
  3026 | D:5      | Reached XP level 7. HP: 51/51 MP: 10/10
  3059 | D:5      | Reached skill level 1 in Armour
  3198 | D:5      | Reached skill level 4 in Polearms
  3402 | D:5      | Found a staircase to the Ecumenical Temple.
  3417 | Temple   | Entered the Ecumenical Temple
  3438 | D:5      | Reached XP level 8. HP: 57/59 MP: 11/11
  3490 | D:5      | Reached skill level 5 in Polearms
  3988 | D:6      | Noticed Grinder
  4102 | D:6      | Killed Grinder
  4103 | D:6      | Reached skill level 6 in Polearms
  4119 | D:6      | Found an ornate altar of the Wu Jian Council.
  4136 | D:6      | Reached XP level 9. HP: 43/66 MP: 12/12
  4300 | D:6      | Reached skill level 1 in Throwing
  4504 | D:6      | Reached skill level 5 in Fighting
  4504 | D:6      | Reached skill level 7 in Polearms
  4504 | D:6      | Noticed Menkaure
  4513 | D:6      | Killed Menkaure
  4614 | D:6      | Found a runed translucent door.
  4615 | D:6      | Noticed Crazy Yiuf
  4684 | D:6      | Killed Crazy Yiuf
  4742 | D:7      | Identified the +4 shortbow "Laozxiutt" {heavy, rC+ Str+7
                  | Dex-2}
  4774 | D:7      | Noticed a manticore
  4785 | D:7      | Killed a manticore
  4974 | D:7      | Reached skill level 5 in Armour
  5165 | D:7      | Reached XP level 10. HP: 47/74 MP: 13/13
  5931 | D:8      | Reached skill level 8 in Polearms
  6601 | D:8      | Found a hide-covered altar of Uskayaw.
  6923 | D:9      | Noticed Jeremiah
  6923 | D:9      | Found a staircase to the Lair.
  6961 | D:9      | Noticed Maurice
  6982 | D:9      | Found Iboheesk's General Store.
  6995 | D:8      | Reached skill level 5 in Maces & Flails
  7330 | D:9      | Killed Jeremiah
  7444 | D:9      | Paralysed by a hornet for 1 turns
  7448 | D:9      | Reached XP level 11. HP: 25/62 MP: 14/14
  7594 | D:9      | Found a sacrificial altar of Ru.
  7595 | D:9      | Found Nenlakli's Magic Scroll Emporium.
  7599 | D:9      | Found Boceo's Distillery.
  7636 | D:9      | Reached skill level 9 in Polearms
  7838 | D:9      | Bought a scroll of identify for 28 gold pieces
  7838 | D:9      | Bought a scroll of blinking for 105 gold pieces
  7838 | D:9      | Bought a scroll of blinking for 105 gold pieces
  7838 | D:9      | Bought a scroll of teleportation for 42 gold pieces
  7838 | D:9      | Bought a scroll of identify for 28 gold pieces
  7882 | D:9      | Found Gusuu's Magic Scroll Shop.
  7932 | D:9      | Something stole the +4 shortbow "Laozxiutt" {heavy, rC+
                  | Str+7 Dex-2}
  7933 | D:9      | Something stole 210 gold
  8125 | D:9      | Killed Maurice
  8271 | D:9      | Found Ryshel's Armour Shop.
  8354 | D:9      | Bought a +0 pair of boots of rampaging for 126 gold pieces
  8413 | D:9      | Noticed a two-headed ogre
  8423 | D:9      | Killed a two-headed ogre
  8424 | D:9      | Reached skill level 1 in Evocations
  8837 | D:9      | Identified the +8 plate armour of Salaf {rC+ rN+ SInv}
  8999 | D:9      | Found a roughly hewn altar of Beogh.
  9267 | D:10     | Entered Level 10 of the Dungeon
 10236 | D:10     | Reached skill level 10 in Polearms
 10300 | D:10     | Found a stormy altar of Qazlal.
 10301 | D:10     | Found a glowing silver altar of Zin.
 10332 | D:10     | Found a shimmering altar of Xom.
 10333 | D:10     | Found a glowing golden altar of the Shining One.
 10481 | D:10     | Found a staircase to the Orcish Mines.
 10668 | D:10     | Found an iron altar of Okawaru.
 10675 | D:10     | Became a worshipper of Warmaster Okawaru
 10720 | Lair:1   | Entered Level 1 of the Lair of Beasts
 10861 | Lair:1   | You are sucked into a shaft and drop 1 floor!
 10989 | Lair:2   | Noticed a seven-headed hydra
 10990 | Lair:2   | Noticed a boulder beetle
 11005 | Lair:2   | Killed a boulder beetle
 11005 | Lair:2   | Reached * piety under Okawaru
 11006 | Lair:2   | Reached XP level 12. HP: 57/93 MP: 15/15
 11457 | Lair:1   | Reached ** piety under Okawaru
 12791 | Lair:1   | Reached *** piety under Okawaru
 13449 | Lair:2   | Found a hole to the Spider Nest.
 13488 | Lair:2   | Reached skill level 11 in Polearms
 13735 | Lair:2   | Found a staircase to the Shoals.
 13765 | Lair:2   | Reached **** piety under Okawaru
 14087 | Lair:2   | HP: 4/97 [culicivora (7)]
 14088 | Lair:2   | Mangled by a culicivora

Illustrated notes

Levels and vault maps discovered:
D:1:      scummos_arrival_simple_fountains, layout_loops_ring,
          minmay_misc_feat_columns
D:2:      minmay_alternating_diamond, layout_basic, minmay_crystal_room,
          supply_closet_lemuel
D:3:      layout_loops_corners, uniq_jessica
D:4:      layout_loops_cross, nemelex_xobeh_ov_fountains_minmay
D:5:      minmay_spotlight, layout_rooms, minmay_temple_entry_ruins
D:6:      layout_cave_pools, mainiacjoe_overflow_catwalk, uniq_menkaure,
          uniq_crazy_yiuf_cottage, uniq_grinder
D:7:      layout_cave_pods
D:8:      layout_rooms, nicolae_uskayaw_suspiria, kennysheep_generic_room_4
D:9:      layout_long_grid, hangedman_ru_absence, lair_entry_dummy,
          serial_shops, shop, nicolae_inconvenience_store, shop_coins,
          nicolae_stop_n_shop_2, nicolae_lakefront_shop,
          david_defended_altar_orc, uniq_maurice, uniq_jeremiah
D:10:     minmay_skewed_foursquare, layout_stronghold, okawaru_trees_2,
          nicolae_overflow_hidden_temple, nicolae_overflow_two_pavilions,
          nicolae_overflow_squiral, serial_demonic, serial_demonic_c,
          serial_demonic_a, serial_demonic_d, serial_demonic_d
Temple:   hellmonk_temple_flake
Lair:1:   hellmonk_destroyed_diamonds, layout_layer_cave
Lair:2:   layout_chaotic_city, minmay_shoals_entry_hut,
          nicolae_spider_entry_tight_spaces, chequers_serial_rivers_micro_e,
          grunt_megastairs_5

Skill      XL: |  1  2  3  4  5  6  7  8  9 10 11 12 |
---------------+-------------------------------------+-----
Dodging        | 2 |  2.2
Conjurations   | 1 |  1.4
Fire Magic     | 3 |  3.4
Spellcasting   | 2 |  2.4
Fighting       | 1 2 3 4 5 6 8 9 |  9.7
Maces & Flails | 1 2 3 4 5 6 |  6.8
Stealth        | 2 |  2.0
Polearms       | 1 3 4 6 7 8 10 11 | 11.2
Armour         | 2 3 5 7 8 9 |  9.2
Throwing       | 1 3 4 |  4.7
Evocations     | 1 |  1.1
Short Blades   | |  0.6

Action                     |  1- 3 |  4- 6 |  7- 9 | 10-12 || total
---------------------------+-------+-------+-------+-------++-------
  Melee: Dagger            |    32 |     3 |       |       ||    35
         Mace              |     5 |       |       |       ||     5
         Whip              |    28 |    42 |   197 |   729 ||   996
         Trident           |       |    81 |   242 |   879 ||  1202
  Throw: Stone             |       |       |    20 |    86 ||   106
         Dart              |       |       |       |    18 ||    18
         Javelin           |       |       |       |    20 ||    20
   Cast: Foxfire           |    37 |       |       |       ||    37
 Invoke: Heroism           |       |       |       |     2 ||     2
  Evoke: Wand              |       |       |     1 |     8 ||     9
    Use: Scroll            |       |     9 |     3 |    13 ||    25
         Potion            |       |       |     1 |     5 ||     6
   Stab: Sleeping          |     1 |       |       |       ||     1
 Armour: Robe              |    16 |     2 |       |       ||    18
         Gold dragon scale |       |    53 |   369 |   483 ||   905
         Plate armour      |       |       |       |   571 ||   571
  Dodge: Dodged            |    18 |     4 |     6 |    62 ||    90

Table legend: (Time is in decaauts)
 A = Elapsed time spent in this place.
 B = Non-inter-level travel time spent in this place.
 C = Inter-level travel time spent in this place.
 D = Time resting spent in this place.
 E = Time spent auto-exploring this place.
 F = Levels seen in this place.
 G = Mean time per level.
                   A        B        C        D        E       F      G
               +--------+--------+--------+--------+--------+-----+--------+
         Total |  13939 |  13385 |    554 |   3052 |   7653 |  13 | 1072.2 |
       Dungeon |  10648 |  10197 |    451 |   2316 |   5759 |  10 | 1064.8 |
        Temple |      1 |      1 |      0 |      0 |      0 |   1 |    1.0 |
          Lair |   3288 |   3185 |    103 |    735 |   1894 |   2 | 1644.0 |
               +--------+--------+--------+--------+--------+-----+--------+

Top non-repeatable levels by time:
  Lair:1: 2305 daAuts
     D:9: 2063 daAuts
     D:7: 1505 daAuts
     D:8: 1265 daAuts
    D:10: 1073 daAuts
  Lair:2: 983 daAuts
     D:3: 905 daAuts
     D:4: 854 daAuts
     D:5: 810 daAuts
     D:1: 779 daAuts
     D:6: 760 daAuts
     D:2: 632 daAuts
  Temple: 1 daAuts
